 Dungeon Crawl Stone Soup version 0.25-a0-528-g6b7c99946c (webtiles) character file.

Game seed: 9323663252889102966, levelgen mode: deterministic

3308 kae the Archer (level 9, -2/81 HPs)
             Began as a Centaur Hunter on Feb 19, 2020.
             Was a Believer of Okawaru.
             Slain by a raiju (9 damage)
             ... on level 1 of the Abyss.
             The game lasted 00:11:27 (11127 turns).

kae the Archer (Centaur Hunter)                    Turns: 11127, Time: 00:11:27

Health: -2/81      AC:  6    Str: 15    XL:     9   Next: 70%
Magic:  12/12      EV:  8    Int: 10    God:    Okawaru [**....]
Gold:   393        SH:  0    Dex: 16    Spells: 8/8 levels left

rFire    . . .     SeeInvis .   b - +1 dagger (venom)
rCold    . . .     Gourm    .   (no shield)
rNeg     . . .     Faith    .   c - +1 leather armour
rPois    .         Spirit   .   (no helmet)
rElec    .         Reflect  .   q - +0 cloak (curse)
rCorr    .         Harm     .   (no gloves)
MR       .....                  (no barding)
Stlth    +.........             (no amulet)
HPRegen  0.23/turn              n - +3 ring of dexterity
MPRegen  0.13/turn              (no ring)

@: about to teleport, heavily drained, very quick
A: large, hooves 3, deformed body, speed 2, tough skin 3
a: Heroism, Renounce Religion


You were on level 1 of the Abyss.
You worshipped Okawaru.
Okawaru was pleased with you.
You were very hungry.

You visited 1 branch of the dungeon, and saw 8 of its levels.
You visited the Abyss 1 time.

You collected 459 gold pieces.
You spent 66 gold pieces at shops.

Inventory:

Hand Weapons
 a - a +1 shortbow
 b - a +1 dagger of venom (weapon)
 x - a +0 short sword
Missiles
 w - 4 arrows
Armour
 c - a +1 leather armour (worn)
 q - a cursed +0 cloak (worn)
Jewellery
 d - a +2 ring of dexterity
 n - a +3 ring of dexterity (left hand)
Wands
 e - a wand of polymorph (6)
 u - a wand of iceblast (5)
Scrolls
 h - 8 scrolls of remove curse
 i - 5 scrolls of amnesia
 k - 4 scrolls of fear
 l - a scroll of enchant armour
 p - 3 scrolls of identify
 r - 2 scrolls of teleportation
Potions
 g - 2 potions of cancellation
 j - a potion of haste
 m - 2 potions of stabbing
 o - a potion of resistance
 s - 2 potions of flight
 t - a potion of mutation
Comestibles
 f - 11 rations


   Skills:
 + Level 7.8(5.9) Fighting
 * Level 14.3(11.9) Bows
 - Level 1.3(0.0) Dodging
 - Level 0.4(0.0) Stealth
 + Level 4.0(2.2) Invocations


You had 8 spell levels left.
You didn't know any spells.
Your spell library contained the following spells:

 Spells                   Type           Power        Failure   Level  Hunger
 Beastly Appendage        Tmut           #.....       43%         1    ##.....
 Infusion                 Chrm           #...         43%         1    ##.....
 Shroud of Golubria       Chrm/Tloc      #.....       56%         2    ###....
 Song of Slaying          Chrm           #.......     56%         2    ###....
 Sticks to Snakes         Tmut           #.......     56%         2    ###....
 Ozocubu's Armour         Chrm/Ice       #.......     80%         3    ####...
 Spectral Weapon          Hex/Chrm       #.......     80%         3    ####...
 Spider Form              Tmut/Pois      #.........   80%         3    ####...
 Ice Form                 Ice/Tmut       #.......     99%         4    #####..
 Blade Hands              Tmut           #.........   100%        5    ######.


Dungeon Overview and Level Annotations

Branches:
Dungeon (8/15)             Temple (0/1) D:7
   Lair: D:8-11

Altars:
Okawaru
The Shining One

Shops:
D:5 *

Annotations:
D:4 2 transporters


Innate Abilities, Weirdness & Mutations

You have hooves in place of feet.
Armour fits poorly on your strangely shaped body.
You cover ground very quickly.
You have extremely tough skin. (AC +3)


Message History

You are too injured to fight recklessly!
You are too injured to fight recklessly!
A raiju comes into view.
As you read the scroll of teleportation, it crumbles to dust.
You feel strangely unstable.
You feel the power of the Abyss delaying your translocation!
The raiju bursts into living lightning!
The living lightning hits you!!
* * * LOW HITPOINT WARNING * * *
The living lightning misses you.
The raiju blinks!
You hit the raiju.
The raiju looks as sick as possible!
Your kick misses the raiju.
The raiju is moderately wounded.
A raiju comes into view.
The raiju bites you.
* * * LOW HITPOINT WARNING * * *
The raiju shocks you!
* * * LOW HITPOINT WARNING * * *
The raiju bites you!
You die...

. .#. . . # .. ..
..... ####.# #..
.###..#.#. ##.#
##..##.... #.... ...
....###### # #
#..... #.#.....## #
## #.. #......h# .
.#... . # #.h§h.# .
. ..#..#..# #@##.#.#
#
#.#......#####h##..#
###.#. .....#.
..##.## . . .##.
#..###§## # ...( .
#..# . # ##. #
.####. ..###.#...#
#. #..# ..###.. ## #
# .#..#


You could see 4 raiju.

Vanquished Creatures
  Harold (D:6)
  Grinder (D:3)
  A hippogriff (D:6)
  2 ice beasts
  An orc warrior (D:6)
  A phantom (D:4)
  2 ogres
  2 big kobolds
  A gnoll sergeant (D:6)
  2 scorpions (D:7)
  7 wights
  5 howler monkeys
  A crimson imp (D:7)
  2 hounds
  3 bullfrog skeletons
  An orc priest (D:7)
  7 orc wizards
  An iguana (D:6)
  7 worker ants
  A hound zombie (D:5)
  2 hound skeletons (D:6)
  14 adders
  5 gnolls
  A shadow imp (D:7)
  2 oozes
  2 adder zombies
  2 adder skeletons
  A worm (D:3)
  A dart slug (D:1)
  5 leopard geckos
  21 orcs
  4 giant cockroaches
  8 goblins
  12 hobgoblins
  5 jackals (D:2)
  17 kobolds
  2 quokkas
  2 ball pythons
  6 bats
  2 frilled lizards
  7 rats
170 creatures vanquished.

Vanquished Creatures (others)
  A plant (D:6)
1 creature vanquished.

Grand Total: 171 creatures vanquished

Notes
Turn   | Place    | Note
-------+----------+-------------------------------------------
     0 | D:1      | kae the Centaur Hunter began the quest for the Orb.
     0 | D:1      | Reached XP level 1. HP: 17/17 MP: 1/1
   102 | D:1      | Reached XP level 2. HP: 18/24 MP: 2/2
   350 | D:1      | Reached skill level 6 in Bows
   603 | D:1      | Reached XP level 3. HP: 28/30 MP: 3/3
   904 | D:2      | Found a glowing golden altar of the Shining One.
  1382 | D:2      | Reached XP level 4. HP: 30/37 MP: 4/4
  1632 | D:2      | Reached skill level 7 in Bows
  1988 | D:2      | Reached XP level 5. HP: 28/45 MP: 5/5
  2278 | D:3      | Noticed Grinder
  2292 | D:3      | Paralysed by Grinder for 6 turns
  2301 | D:3      | Killed Grinder
  2301 | D:3      | Reached skill level 8 in Bows
  2301 | D:3      | Reached XP level 6. HP: 21/52 MP: 6/6
  2986 | D:3      | Reached skill level 9 in Bows
  3636 | D:4      | Reached XP level 7. HP: 56/60 MP: 7/7
  3672 | D:4      | Found a transporter.
  3755 | D:4      | Found a transporter.
  3890 | D:4      | Reached skill level 10 in Bows
  4215 | D:4      | Reached skill level 5 in Fighting
  4266 | D:5      | Entered Level 5 of the Dungeon
  4461 | D:5      | Found Ucvo's Assorted Antiques.
  4466 | D:5      | Bought a scroll labeled NYNARU ACEEQATUDI for 22 gold
                  | pieces
  4466 | D:5      | Bought a scroll of identify for 44 gold pieces
  4572 | D:5      | Found an iron altar of Okawaru.
  4593 | D:5      | Became a worshipper of Warmaster Okawaru
  4905 | D:6      | Reached skill level 11 in Bows
  4978 | D:6      | Reached XP level 8. HP: 69/69 MP: 8/8
  6143 | D:6      | Reached * piety under Okawaru
  6867 | D:6      | Reached skill level 12 in Bows
  7541 | D:7      | Found a staircase to the Ecumenical Temple.
  7844 | D:7      | HP: 3/71 [ice beast (7)]
  8385 | D:8      | Noticed a two-headed ogre
  8702 | D:7      | Noticed a hippogriff
  8737 | D:6      | Killed a hippogriff
  8737 | D:6      | Reached skill level 13 in Bows
  8737 | D:6      | Reached skill level 1 in Invocations
  8737 | D:6      | Reached XP level 9. HP: 36/79 MP: 7/10
  8978 | D:6      | HP: 3/79 [wight/+0 battleaxe (11)]
  8978 | D:6      | HP: 1/79 [wight/+0 battleaxe (2)]
  9604 | D:7      | Noticed Harold
 10120 | D:6      | Killed Harold
 10120 | D:6      | Reached ** piety under Okawaru
 10120 | D:6      | Reached skill level 14 in Bows
 11047 | D:7      | Cast into level 1 of the Abyss (gnoll)
 11127 | Abyss:1  | Slain by a raiju

Levels and vault maps discovered:
D:1:      dpeg_arrival_simpleton_c, layout_basic
D:2:      layout_rooms, tso_metal_star, grunt_ministairs_11,
          minmay_misc_feat_secret_circle
D:3:      layout_basic, first_ration, serial_co_window_serial,
          co_window_paths_a, co_window_of_opportunity_a,
          co_window_of_opportunity_a, co_window_paths_a, co_window_paths_a,
          co_window_corner_b, co_window_broadway_c, co_window_broadway_b,
          co_window_sun, glass_columns_a, glass_columns_a, glass_columns_b,
          uniq_grinder
D:4:      gammafunk_steamed_eel, layout_gridville
D:5:      layout_rooms, serial_shops, shop, hangedman_decor_peaks_small,
          hangedman_glass_teeth, minmay_misc_feat_diagonals,
          kennysheep_okawaru_gauntlet
D:6:      layout_rooms, lexackson_kobold_supper
D:7:      layout_basic, minmay_temple_entry_from_below_a, serial_shops,
          kennysheep_little_box, uniq_harold
D:8:      layout_rooms, uniq_prince_ribbit1, uniq_maurice
Abyss:1:  base:
D:5

Skill      XL: |  1  2  3  4  5  6  7  8  9 |
---------------+----------------------------+-----
Bows           | 6 7 8 9 11 13 14 | 14.3
Fighting       | 3 4 5 7 |  7.8
Invocations    | 1 4 |  4.0
Dodging        | |  1.3
Stealth        | |  0.4

Action                   |  1- 3 |  4- 6 |  7- 9 || total
-------------------------+-------+-------+-------++-------
Melee: Short sword       |    82 |   108 |   379 ||   569
       Kick              |    15 |    27 |   152 ||   194
       Unarmed           |       |     3 |       ||     3
       Punch             |       |       |     3 ||     3
       Dagger            |       |       |    91 ||    91
 Fire: Shortbow          |    26 |    34 |   138 ||   198
Invok: Heroism           |       |       |    15 ||    15
Evoke: Wand              |       |       |     5 ||     5
  Use: Scroll            |       |    10 |     6 ||    16
       Potion            |       |       |     3 ||     3
  Eat: Chunk             |     1 |     6 |    17 ||    24
       Ration            |       |       |     1 ||     1
Armor: Leather armour    |    36 |    31 |   142 ||   209
       Skin              |       |     1 |       ||     1
Dodge: Dodged            |    41 |    53 |   231 ||   325

Table legend:
 A = Non-vault XP
 B = Vault XP
 C = Vault XP percentage of total XP
 D = Non-vault monster count
 E = Vault monster count
 F = Vault count percentage of total count
                 A         B        C        D         E       F
            +---------+---------+-------+---------+---------+-------
      Total |    3306 |    1420 |  30.0 |     154 |      16 |   9.4
            +---------+---------+-------+---------+---------+-------
        D:1 |      45 |       0 |   0.0 |      25 |       0 |   0.0
        D:2 |     112 |      61 |  35.3 |      24 |       4 |  14.3
        D:3 |      36 |     277 |  88.5 |       9 |       1 |  10.0
        D:4 |     492 |       0 |   0.0 |      18 |       0 |   0.0
        D:5 |     209 |       3 |   1.4 |      10 |       2 |  16.7
        D:6 |    1466 |    1079 |  42.4 |      37 |       9 |  19.6
        D:7 |     946 |       0 |   0.0 |      31 |       0 |   0.0
            +---------+---------+-------+---------+---------+-------
